 Dungeon Crawl Stone Soup version 0.21-a0-2-ge494091 (webtiles) character file.

39 nikopol the Skirmisher (level 3, -1/36 HPs)
             Began as a Gargoyle Berserker on May 21, 2017.
             Was a Follower of Trog.
             Slain by a gnoll
             ... wielding a +3 spear
              (6 damage)
             ... on level 1 of the Dungeon.
             The game lasted 00:01:03 (710 turns).

nikopol the Skirmisher (Gargoyle Berserker)          Turns: 710, Time: 00:01:04

Health: -1/36      AC:  6    Str: 25    XL:     3   Next: 45%
Magic:  3/3        EV: 12    Int:  7    God:    Trog [*.....]
Gold:   69         SH:  0    Dex: 10    Spells: 2/2 levels left

rFire    . . .     SeeInvis .   a - +0 hand axe
rCold    . . .     Gourm    .   (no shield)
rNeg     + . .     Faith    .   g - +0 leather armour
rPois    ∞         Spirit   .   (no helmet)
rElec    +         Reflect  .   (no cloak)
rCorr    .         Harm     .   (no gloves)
MR       .....                  (no boots)
Stlth    ..........             (no amulet)
Regen    0.2/turn               (no ring)
MPRegen  0.1/turn               (no ring)

@: berserking, very quick
A: negative energy resistance 1, electricity resistance, unbreathing,
petrification resistance, rot immunity, AC +3
a: Berserk, Burn Spellbooks, Renounce Religion


You were on level 1 of the Dungeon.
You worshipped Trog.
Trog was aware of your devotion.
You were not hungry.

You visited 1 branch of the dungeon, and saw 1 of its levels.

You collected 69 gold pieces.

Inventory:

Hand Weapons
 a - a +0 hand axe (weapon)
Armour
 b - a +0 animal skin
 g - a +0 leather armour (worn)
Jewellery
 d - an uncursed amulet of the gourmand {unknown}
Scrolls
 e - a scroll of identify {unknown}
 j - a scroll of enchant weapon {unknown}
 l - a scroll of teleportation {unknown}
Potions
 i - a potion of agility {unknown}
 k - a potion of degeneration {unknown}
Comestibles
 c - a bread ration
 f - a meat ration
 h - a royal jelly
 m - 5 chunks of flesh
 n - 2 fruits


   Skills:
 + Level 3.8 Fighting
 + Level 3.1 Axes
 + Level 2.6 Armour
 + Level 1.9 Dodging


You had 2 spell levels left.
You didn't know any spells.

Dungeon Overview and Level Annotations

Branches:
Dungeon (1/15)

Altars:


Innate Abilities, Weirdness & Mutations

You are resistant to torment.
Your stone body is resilient. (AC +3)
You are immune to poison.
You resist negative energy. (rN+)
You are resistant to electric shocks. (rElec)
You can survive without breathing.
You are immune to petrification.
You are immune to rotting.


Message History

The gnoll is severely wounded.
The gnoll barely misses you.
A red film seems to cover your vision as you go berserk!
You feel yourself moving faster!
You feel mighty!
You feel a lot more hungry. The gnoll hits you with a spear.
* * * LOW HITPOINT WARNING * * *
You hit the gnoll.
The gnoll is almost dead.
The gnoll hits you with a spear.
* * * LOW HITPOINT WARNING * * *
The gnoll hits you from afar with an enchanted spear.
* * * LOW HITPOINT WARNING * * *
You slash the gnoll!
You kill the gnoll!
Trog accepts your kill. The gnoll hits you but does no damage.
You see here a spear.
You closely miss the gnoll.
The gnoll hits you with an enchanted spear.
You die...

....................
#.#..##.##.......#..#
##.#.#.#####...###..#
...(..## #...# #..#
.#.#.##### ##### #..#
.........# #..#
.#.#.###.# #..#
...#.# #########..#
÷###.# ......g@...#
.# #.# ##########.#
.###.# #.# .....#
######.# .##.##
#......# ###.#
#.###### # #.# #.# #
#.# #.# # #.# #.#


You could see a gnoll.

Vanquished Creatures
  A gnoll (D:1)
  An ooze (D:1)
  4 dart slugs (D:1)
  A leopard gecko (D:1)
  A goblin (D:1)
  2 jackals (D:1)
  A kobold (D:1)
  4 bats (D:1)
  2 frilled lizards (D:1)
  2 rats (D:1)
19 creatures vanquished.

Notes
Turn   | Place    | Note
-------+----------+-------------------------------------------
     0 | D:1      | nikopol the Gargoyle Berserker began the quest for the Orb.
     0 | D:1      | Reached XP level 1. HP: 14/14 MP: 1/1
    27 | D:1      | Reached XP level 2. HP: 9/19 MP: 2/2
   570 | D:1      | Reached XP level 3. HP: 21/23 MP: 3/3
   710 | D:1      | Slain by a gnoll

Vault maps used:
D:1:      arrival_zaba_pyramid

Skill      XL: |  1  2 |
---------------+-------+-----
Axes           | 3 |  3.1
Fighting       | |  3.8
Armour         | |  2.6
Dodging        | |  1.9

Action                   || total
-------------------------++-------
Melee: Hand axe          ||    60
Invok: Berserk           ||     1
Armor: Animal skin       ||    10
       Leather armour    ||    11
Dodge: Dodged            ||    46
